 Dungeon Crawl Stone Soup version 0.28-a0-750-g7c675f85b1 (webtiles) character file.

Game seed: 1629124332673167823

71 willcat the Sneak (level 4, 0/27 HPs)
             Began as a Deep Elf Delver on Oct 29, 2021.
             Slain by a killer bee zombie (2 damage)
             ... on level 7 of the Dungeon.
             The game lasted 00:01:02 (649 turns).

willcat the Sneak (Deep Elf Delver)                  Turns: 649, Time: 00:01:02

Health: 0/27       AC:  3    Str:  9    XL:     4   Next: 5%
Magic:  6/6        EV: 12    Int: 16    God:
Gold:   46         SH:  0    Dex: 16    Spells: 3/3 levels left

rFire   . . .      SeeInvis .   a - +0 short sword
rCold   . . .      Faith    .   (no shield)
rNeg    . . .      Spirit   .   b - +0 leather armour
rPois   .          Reflect  .   (no helmet)
rElec   .          Harm     .   (no cloak)
rCorr   .          Rampage  .   (no gloves)
Will    .....                   (no boots)
Stlth   +++.......              (no amulet)
HPRegen 0.09/turn               (no ring)
MPRegen 0.10/turn               (no ring)

@: no status effects
A: no striking features
a: no special abilities


You were on level 7 of the Dungeon.
You visited 1 branch of the dungeon, and saw 3 of its levels.

You collected 46 gold pieces.

Inventory:

Hand Weapons
 a - a +0 short sword (weapon)
Missiles
 h - 10 poisoned darts (quivered)
Armour
 b - a +0 leather armour (worn)
Wands
 g - a wand of digging (3)
Scrolls
 c - a scroll of fog
 d - a scroll of magic mapping
Potions
 f - a potion of haste


   Skills:
 - Level 2.4 Fighting
 + Level 2.7 Short Blades
 + Level 1.6 Throwing
 + Level 3.3 Dodging
 + Level 6.5 Stealth


You had 3 spell levels left.
You didn't know any spells.
Your spell library was empty.

Dungeon Overview and Level Annotations

Branches:
Dungeon (7/15)
 Temple: D:4-7

Altars:

Shops:
D:7 ?


Message History

Found Ynutah's Magic Scroll Shoppe.
You enter the shallow water.
Moving in this stuff is going to be slow.
There is an entrance to Ynutah's Magic Scroll Shoppe here.
You enter the shallow water.
Moving in this stuff is going to be slow.
You now have 27 gold pieces (gained 13).
A wight comes into view. It is wielding a +4 mace.
A wight is nearby!
A wight is nearby!
Search for what [? for help]? scroll
Found a stone staircase leading up.
There is a stone staircase leading up here.
You now have 46 gold pieces (gained 19).
A wyvern skeleton comes into view.
You open the door.
There is an open door here.
A killer bee zombie comes into view.
A wight comes into view. It is wielding a +5 halberd.
The wight hits you from afar with a +5 halberd!
The killer bee zombie closely misses you.
The killer bee zombie hits you.
A wight comes into view. It is wielding a +0 falchion.
The killer bee zombie closely misses you.
The killer bee zombie closely misses you.
The killer bee zombie completely misses you.
The killer bee zombie hits you.
There is an open door here.
The killer bee zombie closely misses you.
The killer bee zombie hits you but does no damage.
The killer bee zombie misses you.
The killer bee zombie closely misses you.
The killer bee zombie closely misses you.
A centaur zombie comes into view.
The killer bee zombie hits you.
The killer bee zombie barely misses you.
The killer bee zombie hits you!
* * * LOW HITPOINT WARNING * * *
The killer bee zombie hits you.
You die...

#.##.'#..##..#
#....#.##..##.
#.#..##..##..#
#.##.#.##.. #.
#.#######.##.# #..
#Z........##.## #
######z......#
########.#.##..#
#.....@Z.......#
#.######..#.#..##
#.######.###.#..#
#.......## ##...##
########.###.#...##
#..#.##.#..###
#.#.###.##...###
#...............
###.##......####


You could see a killer bee zombie.

Vanquished Creatures
  A bullfrog (D:6)
  An adder (D:6)
2 creatures vanquished.

Notes
Turn   | Place    | Note
-------+----------+-------------------------------------------
     0 | D:5      | willcat the Deep Elf Delver began the quest for the Orb.
     0 | D:5      | Reached XP level 1. HP: 13/13 MP: 3/3
    48 | D:5      | Noticed a phantom
   111 | D:6      | Reached XP level 2. HP: 8/18 MP: 4/4
   326 | D:6      | Noticed a bullfrog
   327 | D:6      | Noticed a bullfrog
   330 | D:6      | Killed a bullfrog
   331 | D:6      | Reached skill level 1 in Throwing
   331 | D:6      | Reached XP level 3. HP: 22/22 MP: 5/5
   331 | D:6      | Reached XP level 4. HP: 27/27 MP: 6/6
   331 | D:6      | Noticed an ice beast
   332 | D:6      | Noticed a centaur
   349 | D:6      | Noticed an ice beast
   553 | D:7      | Found Ynutah's Magic Scroll Shoppe.
   649 | D:7      | Slain by a killer bee zombie

Illustrated notes

Levels and vault maps discovered:
D:5:      layout_cave_pods, uniq_blork_the_orc, uniq_menkaure,
          uniq_crazy_yiuf_cottage
D:6:      layout_basic, minmay_temple_entry_grid, serial_park_tiny_1,
          kennysheep_small_circle
D:7:      minmay_the_grid_plus_closed [minmay_the_grid_stretched_grid,
          minmay_the_grid_pillar_ring, minmay_the_grid_outer_diamond,
          minmay_the_grid_minigrid_small_alt,
          minmay_the_grid_prize_inner_circle], layout_loops_ring, serial_shops,
          nicolae_shop_waterfront, hangedman_abyss_or_decor_stagger,
          kennysheep_generic_room_12

Skill      XL: |  1  2 |
---------------+-------+-----
Throwing       | 1 |  1.6
Dodging        | 3 |  3.3
Fighting       | |  2.4
Short Blades   | |  2.7
Stealth        | |  6.5

Action                   |  1- 3 |  4- 6 || total
-------------------------+-------+-------++-------
Melee: Short sword       |     6 |       ||     6
Throw: Dart              |     2 |     2 ||     4
  Use: Scroll            |       |     1 ||     1
 Stab: Sleeping          |     1 |       ||     1
Armor: Leather armour    |     1 |     2 ||     3
Dodge: Dodged            |     3 |    12 ||    15

Table legend: (Time is in decaauts)
 A = Elapsed time spent in this place.
 B = Non-inter-level travel time spent in this place.
 C = Inter-level travel time spent in this place.
 D = Time resting spent in this place.
 E = Time spent auto-exploring this place.
 F = Levels seen in this place.
 G = Mean time per level.
                   A        B        C        D        E       F      G
               +--------+--------+--------+--------+--------+-----+--------+
         Total |    649 |    649 |      0 |    381 |    114 |   3 |  216.3 |
       Dungeon |    649 |    649 |      0 |    381 |    114 |   3 |  216.3 |
               +--------+--------+--------+--------+--------+-----+--------+

Top non-repeatable levels by time:
     D:7: 295 daAuts
     D:6: 268 daAuts
     D:5: 86 daAuts
